 Dungeon Crawl Stone Soup version 0.31-a0-960-g0fca184906 (console) character file.

Game seed: 15326664260179767202

1666475 questionabletactics the Slayer (level 26, 257/257 HPs)
             Began as a Hill Orc Reaver on Oct 22, 2023.
             Was the Champion of Beogh.
             Escaped with the Orb
             ... and 3 runes on Oct 23, 2023!
             The game lasted 03:33:57 (65398 turns).

questionabletactics the Slayer (Hill Orc Reaver)   Turns: 65398, Time: 03:33:57

Health: 257/257    AC: 41    Str: 25      XL:     26   Next: 16%
Magic:  35/36      EV: 25    Int: 12 (14) God:    Beogh [******]
Gold:   5766       SH: 19    Dex: 12 (14) Spells: 25/28 levels left

rFire   + + .        a - +9 broad axe (heavy)
rCold   + . .        o - +1 kite shield {rPois}
rNeg    + + .        e - +10 plate armour {rC+}
rPois   +            (helmet restricted)
rElec   +            R - +2 cloak {Will+}
rCorr   .            f - +2 pair of gloves of Spite {rElec rN+}
SInv    .            C - +0 pair of boots of the Disbelieving Gods {Int+3 Dex+3}
Will    ++...        r - amulet "Ufovou Iteo" {Reflect Rampage rF++ rN+ SH+5} Stlth
                     g - +5 ring of evasion
HPRegen 0.62/turn    S - +5 ring of evasion
MPRegen 0.25/turn

%: reflection, rampage
@: studying 3 skills
A: walk on water, horns 1, dopey 1
0: Orb of Zot
}: 3/15 runes: decaying, serpentine, silver
a: Renounce Religion, Smiting, Recall Orcish Followers, Give Item to Named
Follower, Resurrection


You escaped.
You worshipped Beogh.
Beogh was exalted by your worship.
You visited 11 branches of the dungeon, and saw 51 of its levels.
You visited the Abyss 1 time.
You also visited: Gauntlet and Wizlab.

You collected 8382 gold pieces.
You spent 2616 gold pieces at shops.

Inventory:

Hand Weapons
 a - a +9 heavy broad axe (weapon)
 b - a +1 war axe of flaming
 y - the +6 sling of the Spider Nest {drain, rF+ Dex+3}
   (You found it on level 10 of the Dungeon)

   Dex+3:     It affects your dexterity (+3).
   rF+:       It protects you from fire.
 D - a +0 antimagic hand cannon
Missiles
 F - 2 throwing nets
 J - 18 curare-tipped darts
Armour
 c - the +2 cloak of Servitude {Str+7}
   (You acquired it on level 2 of the Depths)

   Str+7:     It affects your strength (+7).
 e - a +10 plate armour of cold resistance (worn)
 f - the +2 pair of gloves of Spite (worn) {rElec rN+}
   (You found it in a wizard's laboratory)

   rElec:     It insulates you from electricity.
   rN+:       It protects you from negative energy.
 o - a +1 kite shield of poison resistance (worn)
 C - the +0 pair of boots of the Disbelieving Gods (worn) {Int+3 Dex+3}
   (You found it on level 3 of the Snake Pit)

   Int+3:     It affects your intelligence (+3).
   Dex+3:     It affects your dexterity (+3).
 R - a +2 cloak of willpower (worn)
 Z - a +2 helmet of fire resistance
Jewellery
 d - the ring of the Dragon {rN+ rCorr}
   (You took it off a deep elf sorcerer on level 3 of the Elven Halls)

   [ring of positive energy]

   rN+:       It protects you from negative energy.
   rCorr:     It protects you from acid and corrosion.
 g - a +5 ring of evasion (left hand)
 r - the amulet "Ufovou Iteo" (around neck) {Reflect Rampage rF++ rN+ SH+5}
   (You took it off a vault warden on level 5 of the Vaults)

   [amulet of reflection]

   Reflect:   It reflects blocked missile attacks.
   rF++:      It greatly protects you from fire.
   rN+:       It protects you from negative energy.
   SH+5:      It affects your SH (+5).
   Rampage:   It bestows one free step when moving towards enemies.
 w - the brooch of Shielding {Spirit SH+8}
   (You found it on level 13 of the Dungeon)

   [amulet of guardian spirit]

   Spirit:    It causes incoming damage to be divided between your reserves of
   health and magic.
   SH+8:      It affects your SH (+8).
 x - a ring of protection from fire
 z - a ring of flight
 G - a ring of see invisible
 H - a ring of willpower
 S - a +5 ring of evasion (right hand)
Wands
 i - a wand of polymorph (15)
 q - a wand of paralysis (52)
 E - a wand of iceblast (37)
 M - a wand of digging (29)
 W - a wand of light (16)
Scrolls
 k - 8 scrolls of fear
 l - 7 scrolls of teleportation
 s - a scroll of revelation
 t - 3 scrolls of butterflies
 B - 4 scrolls of blinking
 I - 4 scrolls of silence
 N - 8 scrolls of fog
 U - 3 scrolls of vulnerability
Potions
 h - 11 potions of mutation
 j - 6 potions of might
 m - 16 potions of curing
 n - 6 potions of haste
 p - 6 potions of enlightenment
 u - a potion of resistance
 L - 5 potions of ambrosia
 P - 4 potions of invisibility
Miscellaneous
 T - a phial of floods
 X - a box of beasts


   Skills:
 + Level 24.9 Fighting
 - Level 18.0 Axes
 - Level 23.9 Armour
 - Level 20.0 Dodging
 - Level 0.2 Stealth
 + Level 14.8 Shields
 - Level 1.5 Spellcasting
 - Level 6.2 Conjurations
 - Level 2.8 Translocations
 - Level 19.8 Invocations
 - Level 12.5 Evocations


You had 25 spell levels left.
You knew the following spells:

 Your Spells              Type           Power      Damage    Failure   Level
a - Kiss of Death         Conj/Necr      32%        2d7       43%         1
b - Momentum Strike       Conj/Tloc      22%        3d8       38%         2

Your spell library contained the following spells:

 Spells                   Type           Power      Damage    Failure   Level
 Magic Dart               Conj           60%        1d6       13%         1
 Searing Ray              Conj           30%        2d5       21%         2
 Foxfire                  Conj/Fire      32%        2x1d5     43%         1
 Shock                    Conj/Air       32%        1d5       43%         1
 Apportation              Tloc           14%        N/A       47%         1
 Static Discharge         Conj/Air       16%        3-4/arc   56%         2
 Dazzling Flash           Conj/Hex       16%        N/A       80%         3
 Hailstorm                Conj/Ice       8%         3d4       80%         3
 Freeze                   Ice            0%         1d3       86%         1
 Necrotise                Necr           0%         1d4       86%         1
 Sting                    Tmut/Pois      0%         1d3       86%         1
 Summon Small Mammal      Summ           0%         N/A       86%         1
 Cigotuvi's Dreadful Rot  Necr/Pois/Air  0%         N/A       95%         2
 Jinxbite                 Hex            0%         N/A       95%         2
 Poisonous Vapours        Pois/Air       0%         N/A       95%         2
 Scorch                   Fire           0%         2d5       95%         2
 Volatile Blastmotes      Fire/Tloc      8%         2d10      96%         3
 Iskenderun's Battlesphe  Conj           15%        2d7       98%         5
 Call Canine Familiar     Summ           0%         N/A       99%         3
 Frozen Ramparts          Ice            0%         1d1       99%         3
 Ignite Poison            Fire/Tmut/Pois 0%         N/A       99%         3
 Ozocubu's Armour         Ice            0%         N/A       99%         3
 Sigil of Binding         Hex            0%         N/A       99%         3
 Swiftness                Air            0%         N/A       99%         3
 Flame Wave               Conj/Fire      8%         2d5       99%         4
 Fulminant Prism          Conj/Hex       4%         3d5       99%         4
 Sticky Flame             Conj/Fire      8%         2d3       99%         4
 Airstrike                Air            0%         2d(0-16)  100%        4
 Anguish                  Hex/Necr       0%         N/A       100%        4
 Animate Dead             Necr           0%         N/A       100%        4
 Cause Fear               Hex            0%         N/A       100%        4
 Dimensional Bullseye     Hex/Tloc       2%         N/A       100%        4
 Leda's Liquefaction      Hex/Erth       0%         N/A       100%        4
 Olgreb's Toxic Radiance  Pois           0%         N/A       100%        4
 Petrify                  Tmut/Erth      0%         N/A       100%        4
 Summon Ice Beast         Ice/Summ       0%         N/A       100%        4
 Summon Lightning Spire   Summ/Air       0%         N/A       100%        4
 Agony                    Necr           0%         N/A       100%        5
 Alistair's Intoxication  Tmut/Pois      0%         N/A       100%        5
 Borgnjor's Vile Clutch   Necr/Erth      0%         N/A       100%        5
 Fireball                 Conj/Fire      4%         3d4       100%        5
 Lee's Rapid Deconstruct  Erth           0%         3d4*      100%        5
 Metabolic Englaciation   Hex/Ice        0%         N/A       100%        5
 Summon Forest            Summ/Tloc      2%         N/A       100%        5
 Summon Mana Viper        Hex/Summ       0%         N/A       100%        5
 Bombard                  Conj/Erth      4%         9d2       100%        6
 Death Channel            Necr           0%         N/A       100%        6
 Eringya's Noxious Bog    Tmut/Pois      0%         4d6       100%        6
 Simulacrum               Ice/Necr       0%         N/A       100%        6
 Starburst                Conj/Fire      4%         6d3       100%        6
 Summon Cactus Giant      Summ           0%         N/A       100%        6
 Haunt                    Necr/Summ      0%         N/A       100%        7
 Monstrous Menagerie      Summ           0%         N/A       100%        7
 Ozocubu's Refrigeration  Ice            0%         4d7       100%        7
 Spellforged Servitor     Conj/Summ      4%         N/A       100%        7
 Summon Hydra             Summ           0%         N/A       100%        7
 Borgnjor's Revivificati  Necr           0%         N/A       100%        8
 Discord                  Hex            0%         N/A       100%        8
 Ignition                 Fire           0%         3d3       100%        8
 Infestation              Necr           0%         N/A       100%        8
 Maxwell's Capacitive Co  Air            0%         ∞         100%        8
 Chain Lightning          Conj/Air       4%         3d5       100%        9
 Death's Door             Necr           0%         N/A       100%        9
 Dragon's Call            Summ           0%         N/A       100%        9
 Fire Storm               Conj/Fire      4%         8d1       100%        9
 Polar Vortex             Ice            0%         N/A       100%        9
 Shatter                  Erth           0%         3d5*      100%        9


Dungeon Overview and Level Annotations

Branches:
Dungeon (15/15)            Temple (1/1) D:4            Lair (5/5) D:9
  Swamp (4/4) Lair:2        Snake (4/4) Lair:2        Slime (0/5) Lair:4
    Orc (2/2) D:10            Elf (3/3) Orc:2        Vaults (5/5) D:14
  Crypt (3/3) Vaults:2       Tomb (0/3) Crypt:3      Depths (4/4) D:15
    Zot (5/5) Depths:4     WizLab (visited)         Gauntlet (visited)

Altars:
Ashenzari
Cheibriados
Dithmenos
Elyvilon
Fedhas
Gozag
Hepliaklqana
Kikubaaqudgha
Makhleb
Nemelex Xobeh
Okawaru
Qazlal
Ru
Sif Muna
Trog
Uskayaw
Vehumet
Wu Jian
Xom
Yredelemnul
Zin
The Shining One
Beogh
Jiyva

Shops:
D:12 ?   D:14 :?   Orc:2 [***(   Elf:2 **   Elf:3 *   Snake:1 :=:   Snake:2 (
Snake:3 **   Vaults:2 =   Vaults:4 [   Zot:3 *   Depths:3 (:(

Portals:
Hell: Depths:1 Depths:2 Depths:3 Depths:4
Abyss: Depths:2 Depths:3
Pandemonium: Depths:2
Ziggurat: Depths:4

Annotations:
Elf:1 8 runed doors, pokeman's ghost, adept DEHW
Elf:2 3 runed translucent doors
Vaults:1 2 transporters, exclusion: orange crystal statue


Innate Abilities, Weirdness & Mutations

You can walk on water.
You have a pair of small horns on your head.
You are dopey. (Int -2)


Message History

Beogh accepts your kill.
An Ice Fiend comes into view.
Blink to where?
Press: ? - help, Dir - move target
As you read the scroll of blinking, it crumbles to dust.
You climb upwards.
There is a stone staircase leading down here.
HP restored.
There is a stone staircase leading up here.
You climb upwards.
There is a stone staircase leading down here.
There is an escape hatch in the ceiling here.
A mysterious force pulls you upwards. The hatch slams shut behind you.
There is a stone staircase leading down here.
There is a large open door here.
There is a staircase leading out of the dungeon here.
You begin recalling your allies.
Saint Roka is recalled.
Your orc high priest is recalled.
Koronagh is recalled.
Your orc sorcerer is recalled.
Your orc priest is recalled.
Your orc knight is recalled.
Gorm is recalled.
Your orc sorcerer hits something with a +0 dagger!
Something hits your orc priest!!!
Your orc priest dies!
Your orc warrior is recalled.
Morguth is recalled.
Gorm unwields a +0 orcbow.
Gorm wields a +0 hand axe.
Gorm hits something with a +0 hand axe.
Your orc sorcerer gestures wildly while chanting.
Something hits Gorm!
Your orc knight hits something with a +0 mace!
Your orc warrior is recalled.
Your orc knight is recalled.
Your orc sorcerer hits something but does no damage.
Gorm hits something but does no damage.
Morguth unwields a +0 orcbow.
Morguth wields a +0 glaive.
Morguth misses something.
Something hits your orc warrior but does no damage.
Your orc knight hits something with a +0 mace.
Your orc warrior is recalled.
Your orc priest is recalled.
Your orc sorcerer casts a spell past your orc knight.
Something hits your orc warrior.
Morguth closely misses something.
You have escaped!

#.###.....#
........### ########
#.....#.# ###≈≈≈§§≈#
#..##.#.###≈≈≈§§≈≈§§
#..##(#.##§≈§§§#≈≈≈§
#..##.#.##§≈≈≈≈≈≈≈
#...#.#.#≈≈#≈§§§§
#..##.#.#≈§≈≈§####
#..#....'.ooo{oo@#
........'.ooooooo#
#..#.##.#≈≈§§§####
#..#.##.#§≈#§≈≈≈≈
#..#.##.##§≈§≈≈§≈≈
#.##.##.##≈≈≈≈§#≈≈≈
.....######≈≈≈§§≈≈§
###### ###≈≈§≈≈§


You could see the friendly Saint Roka, the friendly Koronagh the orc warlord, 2
friendly orc knights, a friendly orc high priest, the friendly Morguth the orc
high priest, a friendly orc sorcerer, 3 friendly orc warriors, a friendly orc
priest and the friendly Gorm the orc priest.

Vanquished Creatures
  4 dread liches
  An ancient lich (Vaults:3)
  Mara (Depths:1)
  2 orbs of fire (Zot:5)
  2 Killer Klowns (Zot:5)
  Vv (Crypt:3)
  Saint Roka (Depths:1)
  Bai Suzhen (Crypt:2)
  A caustic shrike (Depths:1)
  2 curse toes
  the Enchantress (Depths:2)
  7 golden dragons
  A profane servitor (Elf:2)
  3 bone dragons
  A shard shrike zombie (Crypt:3)
  2 electric golems (Zot:5)
  14 tentacled monstrosities
  A Hell Sentinel (Zot:2)
  Zenata (Elf:3)
  6 liches
  23 Orb Guardians
  2 walking crystal tomes (WizLab)
  A walking earthen tome (Depths:2)
  4 titans (Vaults:5)
  2 deep elf blademasters (Elf:3)
  A tentacled starspawn (Abyss:2)
  An ancient champion (Crypt:2)
  Gastronok (D:8)
  2 deep elf master archers (Elf:3)
  3 death cobs
  2 quicksilver dragons
  2 Executioners
  9 storm dragons
  2 strange machines (WizLab)
  2 thorn hunters (Swamp:4)
  9 shadow dragons
  Aizul (Snake:3)
  2 draconian monks (Zot:4)
  3 tengu reavers (Vaults:5)
  6 draconian knights
  2 revenants
  2 ghost moths
  10 vault wardens
  8 frost giants
  8 deep elf sorcerers
  8 fire giants
  2 caustic shrike zombies
  4 draconian scorchers
  2 iron dragons (Vaults:5)
  Louise (Depths:2)
  A balrug (Abyss:2)
  5 war gargoyles
  2 deep elf elementalists (Elf:3)
  6 draconian stormcallers
  A juggernaut zombie (Crypt:3)
  5 draconian shifters
  4 spriggan defenders (Depths:2)
  2 ghouls
  4 draconian annihilators
  A caustic shrike skeleton (Crypt:3)
  5 ironbound thunderhulks
  18 stone giants
  11 very ugly things
  9 ironbound preservers
  A formless jellyfish (Vaults:2)
  6 vampire knights
  15 green draconians
  6 deep elf demonologists
  6 eleionomae
  5 black draconians
  2 dire elephants
  9 white draconians
  5 deep elf annihilators
  A lorocyproca (Depths:2)
  10 purple draconians
  9 spark wasps
  7 red draconians
  5 yellow draconians
  A bunyip (shapeshifter) (Vaults:5)
  3 starcursed masses (Abyss:2)
  The ghost of ChaoticPyre the Protected, a journeyman MiBe of Trog (Lair:2)
  A minotaur (Gauntlet)
  5 bunyips
  A blizzard demon (Gauntlet)
  4 eidola
  8 deep elf death magi
  8 ettins
  3 crystal guardians (Crypt:3)
  2 shambling mangroves (Swamp:4)
  6 yaktaur captains
  8 jiangshi
  A spectral golden dragon (Depths:3)
  Fannar (D:12)
  A spectral sphinx (Depths:3)
  4 deep elf high priests
  3 fire dragons
  9 rakshasas
  16 hydras
  3 ghost crabs
  A hell beast (Depths:2)
  24 vault guards
  Harold (D:9)
  6 ice dragons
  5 great orbs of eyes
  A quicksilver dragon skeleton (Crypt:1)
  12 centaur warriors
  3 anacondas
  4 spriggan air magi
  A catoblepas (D:14)
  3 ironbound frosthearts
  Erica (D:9)
  A fenstrider witch skeleton (Crypt:3)
  A boulder beetle (Lair:5)
  2 spectral frost giants (Depths:3)
  2 death knights (Crypt:1)
  9 alligators
  2 sphinx skeletons
  23 dancing weapons
  4 two-headed ogres
  A naga warrior (Snake:3)
  4 deep troll shamans
  3 deep troll earth magi (Vaults:5)
  10 death yaks
  6 vampire magi
  4 naga sharpshooters
  3 spriggan berserkers
  2 shock serpents
  A tengu warrior (Depths:2)
  8 deep elf knights
  A quicksilver ooze zombie (Crypt:1)
  2 occultists
  15 hell knights
  A spectral storm dragon (Depths:3)
  3 soul eaters
  8 spriggans
  3 sun demons (Abyss:2)
  2 goliath frogs (Swamp:4)
  2 skysharks
  A death drake (Swamp:4)
  3 golden dragon zombies
  2 storm dragon skeletons
  3 iron trolls
  An anaconda zombie (Crypt:1)
  2 shadow wraiths
  A glowing orange brain (shapeshifter) (Vaults:5)
  25 skeletal warriors
  11 swamp dragons
  18 deep trolls
  5 bog bodies
  4 spriggan druids
  An orange crystal statue (Depths:2)
  9 lindwurms
  A bunyip zombie (Crypt:3)
  An orb spider (Abyss:2)
  5 phantasmal warriors
  2 flayed ghosts
  2 glowing orange brains
  10 deep elf archers
  13 ironbound convokers
  An iron dragon zombie (Depths:3)
  An orc knight (Orc:2)
  4 arcanists
  A tengu zombie (Depths:3)
  An iron giant skeleton (Crypt:2)
  19 deep elf pyromancers
  13 necromancers
  15 deep elf zephyrmancers
  A cyclops (D:14)
  7 mana vipers
  18 ugly things
  5 will-o-the-wisps
  An oklob plant (Lair:3)
  18 moths of wrath
  A moth of wrath (shapeshifter) (Vaults:5)
  4 large abominations
  A shadow dragon skeleton (Crypt:2)
  5 salamanders
  A centaur zombie (Crypt:3)
  3 elephants (Lair:5)
  17 black mambas
  A manticore (D:13)
  Maurice (D:10)
  3 guardian serpents
  A gargoyle (D:12)
  2 naga magi
  An apocalypse crab (Abyss:2)
  9 vault sentinels
  Joseph (D:7)
  8 cane toads
  An orange demon (Zot:4)
  A catoblepas zombie (Crypt:1)
  An unseen horror (Depths:3)
  2 kobold demonologists (D:14)
  5 rime drakes
  4 komodo dragons
  An efreet (Abyss:2)
  17 yaktaurs
  A centaur skeleton (Crypt:3)
  An ice devil (Gauntlet)
  3 tormentors
  An anaconda simulacrum (Crypt:1)
  2 spark wasp simulacra (Depths:3)
  A sea snake skeleton (Crypt:2)
  An unseen horror skeleton (Crypt:1)
  A merfolk (shapeshifter) (Vaults:5)
  2 polar bears (Lair:4)
  2 trolls
  3 harpy zombies
  15 hornets
  2 hellwings (Zot:4)
  2 meliai (D:14)
  A tyrant leech (shapeshifter) (Vaults:5)
  2 raiju (Abyss:2)
  11 blink frogs
  A glass eye (Depths:1)
  A dream sheep (Lair:5)
  8 tyrant leeches
  An iron dragon simulacrum (Depths:3)
  Prince Ribbit (D:9)
  17 slime creatures
  33 flying skulls (Crypt:3)
  5 water elementals
  An air elemental (Elf:2)
  An ettin skeleton (Crypt:1)
  A ynoxinul (Abyss:2)
  A shadow (D:12)
  A deep troll skeleton (Vaults:3)
  2 wraiths
  6 wyverns
  A fire elemental (Elf:1)
  4 fire bats (Elf:2)
  32 yaks
  2 basilisks
  3 chaos spawn
  2 steam dragons
  A basilisk (shapeshifter) (Elf:2)
  A golden eye (Zot:3)
  A neqoxec (Abyss:2)
  A harpy simulacrum (Crypt:1)
  3 vampire mosquitoes (D:13)
  5 nagas
  A deep troll zombie (Crypt:2)
  6 small abominations
  11 swamp worms
  2 acid dragons
  10 water moccasins
  An ice beast (D:7)
  A hell hound (D:15)
  3 black bears
  A demonspawn skeleton (Crypt:1)
  8 orc warriors
  10 swamp drakes
  5 ogres
  4 boggarts (D:14)
  17 wolves
  5 centaurs
  2 kobold brigands (D:9)
  4 bullfrogs
  2 gnoll sergeants
  6 necrophages
  An earth elemental (Abyss:2)
  A scorpion (D:5)
  16 wights
  12 killer bees
  A vampire bat (Lair:1)
  4 electric eels
  7 howler monkeys
  2 hounds
  4 jellies
  A basilisk zombie (Crypt:2)
  5 orc priests
  2 gnoll boudas
  2 iguanas
  2 sleepcaps
  A hell rat (Lair:5)
  6 orc wizards
  A hound zombie (Crypt:1)
  15 gnolls
  10 adders
  2 white imps (Gauntlet)
  2 ufetubi
  A jelly zombie (Crypt:2)
  A worm (D:2)
  5 dart slugs
  20 orcs
  6 ball pythons
  5 endoplasms
  3 giant cockroaches
  6 goblins
  8 hobgoblins
  5 jackals
  5 quokkas
  10 bats
  3 frilled lizards
  22 kobolds
  6 rats
  A rat skeleton (Crypt:1)
  3 spectral weapons
1422 creatures vanquished.

Vanquished Creatures (collateral kills)
  Xtahua (Depths:3)
  Vashnia (Snake:2)
  2 bone dragons
  Norris (Elf:1)
  Jorgrun (Orc:2)
  2 tentacled monstrosities
  An Orb Guardian (Depths:4)
  A lich (Crypt:3)
  Asterion (Vaults:1)
  The ghost of Maeg the Wrestler, an adept TrMo of Jiyva (Snake:3)
  A storm dragon (Depths:4)
  2 shadow dragons
  A tengu reaver (Depths:4)
  Donald (Snake:4)
  A draconian monk (Depths:4)
  2 nagarajas
  3 fire giants (Depths:3)
  4 vault wardens
  A spectral juggernaut (Depths:3)
  A cacodemon (Depths:2)
  An iron dragon (Depths:2)
  An orc warlord (Vaults:4)
  A spriggan defender (Depths:4)
  2 formless jellyfish
  2 stone giants
  8 very ugly things
  3 ironbound preservers
  2 ironbound thunderhulks (Vaults:1)
  A black draconian (Depths:4)
  A red draconian (Depths:4)
  2 green draconians
  6 spark wasps
  Azrael (D:15)
  A bunyip (shapeshifter) (Depths:2)
  A deep elf annihilator (Elf:1)
  A purple draconian (Depths:4)
  7 dire elephants
  2 white draconians (Depths:4)
  3 ettins
  A deep elf death mage (Depths:3)
  4 fire dragons
  A quicksilver dragon zombie (Depths:3)
  A spectral spriggan (Depths:3)
  2 entropy weavers
  A spectral sphinx (Depths:3)
  2 yaktaur captains (Vaults:1)
  4 vault guards
  An ogre mage (D:15)
  A quicksilver dragon skeleton (Depths:3)
  4 salamander tyrants
  A great orb of eyes (Vaults:1)
  2 ironbound frosthearts
  2 spriggan air magi
  2 catoblepae (Lair:5)
  3 hydras
  7 anacondas
  2 two-headed ogres
  A spectral frost giant (Depths:3)
  3 centaur warriors
  2 ice dragons (Depths:3)
  4 dancing weapons (Elf:1)
  7 deep troll earth magi
  11 naga warriors
  A boulder beetle (D:15)
  A spectral fire giant (Depths:3)
  3 deep troll shamans
  4 tengu warriors
  A sphinx skeleton (Vaults:3)
  3 vampire magi (Depths:3)
  6 spriggan berserkers
  A death yak (Lair:5)
  4 orc high priests (Orc:2)
  A titan zombie (Depths:3)
  11 naga sharpshooters
  4 hell knights
  Sonja (Orc:2)
  2 deep elf knights (Elf:1)
  7 large abominations
  2 skysharks (Elf:1)
  4 shock serpents
  2 skeletal warriors (D:14)
  A glowing orange brain (Depths:2)
  2 iron trolls
  4 salamander mystics
  A swamp dragon (Swamp:4)
  7 naga ritualists
  2 flayed ghosts
  An obsidian statue (Snake:3)
  2 golden dragon skeletons (Depths:3)
  2 lindwurms
  A shadow demon (Abyss:2)
  3 arcanists
  15 deep trolls
  3 ironbound convokers
  7 deep elf archers (Elf:1)
  A harpy (shapeshifter) (D:13)
  3 necromancers (Depths:3)
  12 deep elf pyromancers
  5 orc knights
  8 mana vipers
  11 deep elf zephyrmancers (Elf:1)
  17 ugly things
  An oklob plant (Lair:5)
  A will-o-the-wisp (Swamp:3)
  A tengu skeleton (Vaults:3)
  A wolf spider (D:15)
  3 manticores
  10 salamanders
  A stone giant skeleton (Vaults:3)
  6 elephants (Lair:5)
  5 naga magi
  A titan simulacrum (Depths:3)
  8 vault sentinels
  17 black mambas
  A torpor snail (Lair:5)
  A gargoyle (D:12)
  4 cane toads
  Maggie (D:7)
  A centaur skeleton (Crypt:3)
  5 guardian serpents
  A freezing wraith (Crypt:1)
  8 yaktaurs
  2 tengu conjurers (Depths:2)
  2 komodo dragons
  A yaktaur (shapeshifter) (Elf:1)
  A golden dragon simulacrum (Depths:3)
  A meliai (D:14)
  3 trolls
  A mana viper skeleton (Crypt:1)
  A polar bear (Lair:2)
  A raiju (Abyss:2)
  3 hornets
  A dream sheep (Lair:5)
  A raiju (shapeshifter) (D:14)
  6 blink frogs
  19 slime creatures
  14 yaks
  3 spriggans
  2 water elementals
  A shadow (D:13)
  A basilisk (Lair:5)
  A wyvern (Lair:5)
  4 fire elementals (D:15)
  An air elemental (Elf:1)
  2 chaos spawn (Depths:3)
  A redback (Vaults:1)
  A vampire mosquito (D:13)
  A warg (Depths:1)
  17 nagas
  An acid dragon (D:11)
  A hell hound (D:15)
  13 orc warriors
  2 ogres (Orc:2)
  A boggart (D:14)
  A small abomination (Depths:3)
  A wolf (Vaults:2)
  An ogre (shapeshifter) (D:15)
  A manticore skeleton (Crypt:2)
  5 centaurs
  A glowing shapeshifter simulacrum (Depths:3)
  3 howler monkeys
  5 orc priests
  An orc wizard (Depths:1)
  A gnoll (D:11)
  An ufetubus (Vaults:2)
  5 orcs
  2 bats (Lair:1)
  A kobold (D:14)
  A spectral weapon (Depths:2)
527 creatures vanquished.

Vanquished Creatures (others)
  2 orc warlords
  A draconian knight (Depths:4)
  An eleionoma (Swamp:2)
  2 orc high priests
  A centaur warrior (Vaults:3)
  A dancing weapon (WizLab)
  8 orc knights
  A deep elf knight (Elf:1)
  2 orc sorcerers
  A spriggan druid (Swamp:2)
  A bloated husk (Swamp:2)
  20 orc warriors
  26 orc priests
  10 orc wizards
  A kobold (Vaults:2)
  43 orcs
  11 foxfires
  4 starspawn tentacles (Abyss:2)
136 creatures vanquished.

Grand Total: 2085 creatures vanquished

Notes
Turn   | Place    | Note
-------+----------+-------------------------------------------
     0 | D:1      | questionabletactics the Hill Orc Reaver began the quest for
                  | the Orb.
     0 | D:1      | Reached XP level 1. HP: 18/18 MP: 3/3
    51 | D:1      | Reached XP level 2. HP: 3/25 MP: 4/4
    52 | D:1      | Reached skill level 3 in Fighting
   907 | D:2      | Reached XP level 3. HP: 30/30 MP: 5/5
   932 | D:2      | Reached skill level 1 in Armour
  1000 | D:2      | Identified the +8 hand axe of the Curious Knives {freeze,
                  | Dex+8}
  1151 | D:2      | Reached XP level 4. HP: 36/37 MP: 6/6
  1157 | D:2      | Reached skill level 4 in Fighting
  1251 | D:2      | Reached skill level 5 in Axes
  1749 | D:3      | Reached XP level 5. HP: 46/46 MP: 7/7
  2039 | D:3      | Became a worshipper of Beogh the Brigand
  2488 | D:4      | Found a staircase to the Ecumenical Temple.
  2497 | Temple   | Entered the Ecumenical Temple
  2783 | D:5      | Entered Level 5 of the Dungeon
  2875 | D:5      | Reached XP level 6. HP: 45/52 MP: 8/8
  3130 | D:5      | Reached XP level 7. HP: 37/59 MP: 9/9
  3335 | D:5      | Reached skill level 5 in Fighting
  3462 | D:5      | Learned a level 2 spell: Momentum Strike
  3495 | D:5      | Reached * piety under Beogh
  3763 | D:5      | Reached skill level 6 in Fighting
  3763 | D:5      | Reached XP level 8. HP: 70/70 MP: 10/10
  3921 | D:5      | Reached skill level 5 in Conjurations
  4965 | D:6      | Reached skill level 7 in Fighting
  5527 | D:7      | Reached skill level 8 in Fighting
  5722 | D:7      | Reached XP level 9. HP: 67/81 MP: 11/11
  5722 | D:7      | Noticed Joseph
  5739 | D:7      | Killed Joseph
  6006 | D:7      | Identified the orb of Philately {mayhem, Contam Will+ Dex+5
                  | SInv}
  6006 | D:7      | Noticed Maggie
  6305 | D:8      | Reached ** piety under Beogh
  6500 | D:8      | Reached skill level 10 in Axes
  6507 | D:8      | Reached skill level 1 in Invocations
  6902 | D:8      | Noticed Gastronok
  6902 | D:8      | Found a white marble altar of Elyvilon.
  6917 | D:8      | Found a sparkling altar of Nemelex Xobeh.
  7045 | D:8      | Killed Gastronok
  7046 | D:8      | Reached XP level 10. HP: 88/88 MP: 11/14
  7358 | D:9      | Found an ancient bone altar of Kikubaaqudgha.
  7364 | D:9      | Found a shadowy altar of Dithmenos.
  7407 | D:9      | Noticed Harold
  7466 | D:9      | Found a staircase to the Lair.
  7611 | D:9      | Reached skill level 9 in Fighting
  7618 | D:9      | Reached skill level 5 in Dodging
  7855 | D:9      | Killed Harold
  7856 | D:9      | Reached skill level 10 in Fighting
  8067 | D:9      | Noticed Prince Ribbit
  8072 | D:9      | Reached *** piety under Beogh
  8076 | D:9      | Killed Prince Ribbit
  8284 | D:9      | Reached XP level 11. HP: 90/100 MP: 15/15
  8410 | D:9      | Noticed Erica
  8427 | D:9      | Killed Erica
  8620 | Lair:1   | Entered Level 1 of the Lair of Beasts
  8822 | Lair:1   | You fall into a shaft and drop 1 floor!
  9267 | Lair:1   | Reached skill level 1 in Translocations
  9276 | Lair:1   | Reached **** piety under Beogh
  9571 | Lair:1   | Noticed a death yak
  9571 | Lair:1   | Noticed a death yak
  9572 | Lair:1   | Noticed a death yak
  9572 | Lair:1   | Noticed a death yak
  9657 | Lair:1   | Gained Bogdar as an ally
  9798 | Lair:2   | Noticed a seven-headed hydra
  9798 | Lair:2   | Noticed a moth of wrath
  9813 | Lair:2   | Noticed a moth of wrath
  9818 | Lair:2   | Noticed ChaoticPyre's ghost (journeyman MiBe)
  9943 | Lair:2   | Found a transporter.
  9963 | Lair:2   | Found a transporter.
  9975 | Lair:2   | Reached XP level 12. HP: 94/107 MP: 16/16
 10047 | Lair:2   | Noticed a skyshark
 10062 | Lair:2   | Killed a skyshark
 10200 | Lair:2   | Found a staircase to the Snake Pit.
 10685 | Lair:2   | Found a staircase to the Swamp.
 11026 | Lair:3   | Gained Ugbert as an ally
 11032 | Lair:3   | Reached skill level 11 in Fighting
 11631 | Lair:3   | Noticed a death yak
 11632 | Lair:3   | Noticed a death yak
 11632 | Lair:3   | Noticed a death yak
 11636 | Lair:3   | Noticed a death yak
 11646 | Lair:3   | Your ally Ugbert died
 11647 | Lair:3   | Killed a death yak
 11931 | Lair:3   | Killed a death yak
 11936 | Lair:3   | Killed a death yak
 11941 | Lair:3   | Killed a death yak
 11942 | Lair:3   | Reached skill level 12 in Fighting
 12431 | Lair:4   | Reached XP level 13. HP: 95/118 MP: 18/18
 13000 | Lair:4   | Found a staircase to the Slime Pits.
 13000 | Lair:4   | Found a viscous altar of Jiyva.
 13273 | Lair:5   | Entered Level 5 of the Lair of Beasts
 13418 | Lair:5   | Reached ***** piety under Beogh
 13533 | Lair:5   | Reached skill level 10 in Armour
 13689 | Lair:5   | Gained Orkwin as an ally
 13702 | Lair:5   | Reached skill level 10 in Invocations
 14534 | Lair:5   | Noticed a dire elephant
 14545 | Lair:5   | Killed a dire elephant
 14663 | Lair:5   | Reached skill level 13 in Fighting
 14721 | Lair:5   | Reached XP level 14. HP: 111/129 MP: 22/22
 14904 | Lair:5   | Reached skill level 10 in Dodging
 15432 | D:7      | Killed Maggie
 15489 | D:10     | Entered Level 10 of the Dungeon
 15561 | D:10     | Identified the +6 sling of the Spider Nest {drain, rF+
                  | Dex+3}
 15752 | D:10     | You fall into a shaft and drop 2 floors!
 15968 | D:12     | Found Gejir's Magic Scroll Emporium.
 15974 | D:12     | Your ally Bogdar died
 16106 | D:12     | Noticed Fannar
 16122 | D:12     | Killed Fannar
 18097 | D:10     | Found a staircase to the Orcish Mines.
 18104 | D:10     | Noticed Maurice
 18112 | D:10     | Killed Maurice
 18478 | D:13     | Found the brooch of Shielding {Spirit SH+8}
 18617 | D:13     | Reached skill level 1 in Shields
 18701 | D:13     | Identified the +6 short sword of Loocs {freeze, Dex+2}
 18871 | D:14     | Found Inithral's Magic Scroll Boutique.
 18895 | D:14     | Found a gate leading to a gauntlet.
 18912 | D:14     | Bought a scroll of identify for 22 gold pieces
 18912 | D:14     | Bought a scroll of blinking for 82 gold pieces
 18992 | D:14     | Reached skill level 5 in Shields
 19089 | Gauntlet | Entered a Gauntlet
 19089 | Gauntlet | Found a transporter.
 19275 | Gauntlet | Found a transporter.
 19294 | Gauntlet | Found a transporter.
 19295 | Gauntlet | Found a transporter.
 19305 | Gauntlet | Found a transporter.
 19325 | Gauntlet | Found a transporter.
 19329 | Gauntlet | Found a transporter.
 19332 | Gauntlet | Found a transporter.
 19361 | Gauntlet | Found a transporter.
 19369 | Gauntlet | Found a transporter.
 19369 | Gauntlet | Found a transporter.
 19377 | Gauntlet | Found a transporter.
 19810 | Gauntlet | Identified the +3 leather armour of Ginirphex {rPois rF+
                  | Will- Int+6}
 19829 | Gauntlet | Identified the staff "Fukk" {rPois rC+ rN+ Ice}
 20022 | D:14     | Found Jorebra's Book Shoppe.
 20082 | D:14     | Reached XP level 15. HP: 60/137 MP: 10/23
 20309 | D:14     | Reached ****** piety under Beogh
 20405 | D:14     | Reached skill level 10 in Shields
 20480 | D:14     | Found a gate to the Vaults.
 20601 | Orc:1    | Entered Level 1 of the Orcish Mines
 20695 | Orc:1    | Found a roughly hewn altar of Beogh.
 20708 | Orc:1    | Gained Garbold as an ally
 20945 | Orc:2    | Entered Level 2 of the Orcish Mines
 20959 | Orc:2    | Noticed Sonja
 20966 | Orc:2    | Killed Sonja
 20976 | Orc:2    | Found Zefofy's Antique Weapon Shoppe.
 21143 | Orc:2    | Noticed Jorgrun
 21156 | Orc:2    | Killed Jorgrun
 21368 | Orc:2    | Found a roughly hewn altar of Beogh.
 21407 | Orc:2    | Found a staircase to the Elven Halls.
 21583 | Orc:2    | Gained Ugrim as an ally
 21588 | Orc:2    | Gained Borgoth as an ally
 21593 | Orc:2    | Your ally Ugrim died
 21807 | Orc:2    | Found Wesseuf's Armour Boutique.
 21807 | Orc:2    | Found Supsady's General Store.
 21808 | Orc:2    | Found Tossaut's General Store.
 21808 | Orc:2    | Found Wiphi's General Store.
 22352 | D:15     | Entered Level 15 of the Dungeon
 22386 | D:15     | Noticed Azrael
 22396 | D:15     | Killed Azrael
 22766 | D:15     | Found a staircase to the Depths.
 22796 | D:15     | Gained Blodwig as an ally
 22899 | D:15     | Found a sparkling altar of Nemelex Xobeh.
 23504 | Snake:1  | Entered Level 1 of the Snake Pit
 23511 | Snake:1  | Reached skill level 14 in Fighting
 23752 | Snake:1  | You fall into a shaft and drop 1 floor!
 23782 | Snake:2  | Found Winasyth's Weapon Boutique.
 23947 | Snake:1  | Gained Bogrim as an ally
 24270 | Snake:1  | Found Sulenawk's Book Shoppe.
 24270 | Snake:1  | Found Wogyeps's Jewellery Shop.
 24271 | Snake:1  | Found Viucemat's Book Shoppe.
 24481 | Snake:2  | Noticed Vashnia
 24485 | Snake:2  | Gained Brandogh as an ally
 24501 | Snake:2  | Your ally Brandogh died
 24665 | Snake:2  | Your ally Blodwig died
 24675 | Snake:2  | Killed Vashnia
 25029 | Snake:3  | Reached skill level 15 in Fighting
 25033 | Snake:3  | Gained Wargrak as an ally
 25034 | Snake:3  | Reached XP level 16. HP: 140/149 MP: 22/24
 25040 | Snake:3  | Your ally Wargrak died
 25203 | Snake:3  | Noticed a nagaraja
 25210 | Snake:3  | Killed a nagaraja
 25768 | Snake:3  | Noticed Aizul
 25779 | Snake:3  | Killed Aizul
 25934 | Snake:3  | Found a runed translucent gate.
 25934 | Snake:3  | Found an opulent altar of Gozag.
 25935 | Snake:3  | Found a runed translucent gate.
 25935 | Snake:3  | Found a runed translucent gate.
 25935 | Snake:3  | Found Amuohokh's Assorted Antiques.
 25935 | Snake:3  | Noticed Maeg's ghost (adept TrMo)
 25937 | Snake:3  | Found Konux's Assorted Antiques.
 25941 | Snake:3  | Identified the +0 pair of boots of the Disbelieving Gods
                  | {Int+3 Dex+3}
 26278 | Snake:3  | Killed Maeg's ghost
 26419 | Snake:3  | Bought a potion of curing for 108 gold pieces
 26472 | Snake:4  | Entered Level 4 of the Snake Pit
 26908 | Snake:4  | Noticed a nagaraja
 26918 | Snake:4  | Killed a nagaraja
 27124 | Snake:4  | Gained Morguth as an ally
 27280 | Snake:4  | Got a serpentine rune of Zot
 27578 | Snake:4  | Noticed Donald
 27589 | Snake:4  | Killed Donald
 28031 | Vaults:1 | Identified the "Fyinasiaje"
 28031 | WizLab   | Identified the of Uzaoduru
 28031 | Elf:1    | Identified the of Misi
 28031 | Elf:1    | Entered Level 1 of the Elven Halls
 28172 | Elf:1    | Noticed Norris
 28182 | Elf:1    | Killed Norris
 28183 | Elf:1    | Reached XP level 17. HP: 75/156 MP: 8/26
 28185 | Elf:1    | Your ally Borgoth died
 28186 | Elf:1    | Your ally Bogrim died
 28454 | Elf:1    | Identified the +8 glaive of the Maze {heavy, rN+}
 28819 | Elf:1    | Found a huge runed gate.
 28819 | Elf:1    | Found a huge runed gate.
 28819 | Elf:1    | Found a huge runed gate.
 28819 | Elf:1    | Found a huge runed gate.
 28819 | Elf:1    | Found a huge runed gate.
 28819 | Elf:1    | Found a huge runed gate.
 28820 | Elf:1    | Found a huge runed gate.
 28820 | Elf:1    | Found a huge runed gate.
 28827 | Elf:1    | Noticed pokeman's ghost (adept DEHW)
 28835 | Elf:1    | Found a runed translucent gate.
 28835 | Elf:1    | Found a runed translucent gate.
 28835 | Elf:1    | Found a runed translucent gate.
 29164 | Elf:1    | Found a huge runed gate.
 29168 | Elf:1    | Found a huge runed gate.
 29168 | Elf:1    | Found a huge runed gate.
 29168 | Elf:1    | Found a huge runed gate.
 29169 | Elf:1    | Found a huge runed gate.
 29169 | Elf:1    | Found a huge runed gate.
 29169 | Elf:1    | Found a huge runed gate.
 29170 | Elf:1    | Found a huge runed gate.
 29170 | Elf:1    | Found a huge runed gate.
 29194 | Elf:1    | Found a huge runed gate.
 29194 | Elf:1    | Found a huge runed gate.
 29194 | Elf:1    | Found a huge runed gate.
 29194 | Elf:1    | Found a huge runed gate.
 29194 | Elf:1    | Found a huge runed gate.
 29194 | Elf:1    | Found a huge runed gate.
 29199 | Elf:1    | Identified a scroll of acquirement
 29200 | Elf:1    | Found a huge runed gate.
 29201 | Elf:1    | Found a huge runed gate.
 29202 | Elf:1    | Acquired a +2 broad axe of venom
 29208 | Elf:1    | Found a huge runed gate.
 29221 | Elf:1    | Found a huge runed gate.
 29221 | Elf:1    | Found a huge runed gate.
 29221 | Elf:1    | Found a huge runed gate.
 29221 | Elf:1    | Found a huge runed gate.
 29221 | Elf:1    | Found a huge runed gate.
 29221 | Elf:1    | Found a huge runed gate.
 29221 | Elf:1    | Found a huge runed gate.
 29222 | Elf:1    | Found a huge runed gate.
 29231 | Elf:1    | Found a huge runed gate.
 29231 | Elf:1    | Found a huge runed gate.
 29687 | Swamp:1  | Entered Level 1 of the Swamp
 29968 | Swamp:1  | Reached skill level 15 in Axes
 31121 | Swamp:2  | Identified the +0 leather armour "Virphy" {Dex+4}
 31304 | Swamp:2  | Gained Bogbrand as an ally
 31568 | Swamp:3  | Gained Koronagh as an ally
 31747 | Swamp:3  | Noticed a tentacled monstrosity
 31773 | Swamp:3  | Killed a tentacled monstrosity
 32445 | Swamp:4  | Entered Level 4 of the Swamp
 33049 | Swamp:4  | Reached XP level 18. HP: 163/163 MP: 29/29
 33153 | Swamp:4  | Gained Hilgar as an ally
 33223 | Swamp:4  | Your ally Hilgar died
 33868 | Swamp:4  | Got a decaying rune of Zot
 34398 | D:12     | Bought a scroll of enchant weapon for 120 gold pieces
 34398 | D:12     | Bought a scroll of enchant weapon for 120 gold pieces
 34551 | Lair:2   | Reached skill level 15 in Armour
 34565 | Lair:2   | Gained Wargrak as an ally
 34571 | Lair:2   | Killed ChaoticPyre's ghost
 35003 | Vaults:1 | Entered Level 1 of the Vaults
 35553 | Vaults:1 | Noticed Asterion
 35562 | Vaults:1 | Killed Asterion
 35773 | Vaults:1 | Found a transporter.
 35785 | Vaults:1 | Found a transporter.
 36451 | Vaults:2 | Reached skill level 16 in Fighting
 36664 | Vaults:2 | Your ally Orkwin died
 37016 | Vaults:2 | Gained Arkwar as an ally
 37206 | Vaults:2 | Found a staircase to the Crypt.
 37206 | Vaults:2 | Found an ancient bone altar of Kikubaaqudgha.
 37207 | Vaults:2 | Found a basalt altar of Yredelemnul.
 37270 | Vaults:2 | Found Usotow's Jewellery Shop.
 37336 | Vaults:2 | Reached XP level 19. HP: 174/174 MP: 30/30
 37349 | Vaults:2 | Reached skill level 17 in Fighting
 38020 | Vaults:3 | Reached skill level 1 in Evocations
 38481 | Vaults:3 | Reached skill level 5 in Evocations
 38732 | Vaults:3 | Identified the +6 scale mail "Tahorph" {rN+ Dex+4}
 38757 | Vaults:3 | Noticed an ancient lich
 38766 | Vaults:3 | Killed an ancient lich
 39934 | Vaults:4 | Identified the +7 eveningstar of Subjectivity {heavy, rN+}
 40340 | Vaults:4 | Reached skill level 10 in Evocations
 40378 | Vaults:4 | Found Batufed's Armour Emporium.
 41102 | Elf:2    | Gained Boghold as an ally
 41215 | Elf:2    | Paralysed by an air elemental for 1 turns
 41262 | Elf:2    | Identified the +11 quarterstaff "Owaunam" {flame, rElec rF+
                  | rN+ Dex+4}
 41310 | Abyss:2  | Cast into level 2 of the Abyss (a deep elf demonologist)
 41315 | Abyss:2  | Found a corrupted altar of Lugonu.
 41383 | Abyss:2  | Found a corrupted altar of Lugonu.
 41399 | Abyss:2  | Gained Morun as an ally
 41403 | Abyss:2  | Found a corrupted altar of Lugonu.
 41403 | Abyss:2  | Found a corrupted altar of Lugonu.
 41486 | Abyss:2  | Your ally Morun died
 41503 | Abyss:2  | Reached skill level 18 in Fighting
 41522 | Abyss:2  | Gained Syrus as an ally
 41536 | Abyss:2  | Found a corrupted altar of Lugonu.
 41546 | Abyss:2  | Reached XP level 20. HP: 160/189 MP: 26/31
 41552 | Abyss:2  | Your ally Syrus died
 41576 | Abyss:2  | Noticed a bone dragon
 41592 | Abyss:2  | Killed a bone dragon
 41616 | Abyss:2  | Noticed a profane servitor
 41625 | Elf:2    | Escaped the Abyss
 41631 | Elf:2    | Killed a profane servitor
 41790 | Elf:2    | Found Secvan's Elven Fire.
 41801 | Elf:2    | Reached skill level 19 in Fighting
 41811 | Elf:2    | Bought a +2 helmet of fire resistance for 236 gold pieces
 41950 | Elf:2    | Found a runed translucent gate.
 41950 | Elf:2    | Found a runed translucent gate.
 41961 | Elf:2    | Found a runed translucent gate.
 42062 | Elf:2    | Found Obicarph's General Store.
 42350 | Elf:2    | Upgraded the game from 0.31-a0-949-g57150269e1 to
                  | 0.31-a0-960-g0fca184906
 42464 | Elf:3    | Identified the "Plog"
 42464 | Elf:3    | Identified the "Xeifuvvuod"
 42464 | Elf:3    | Identified the "Kuasutiru"
 42464 | Elf:3    | Entered Level 3 of the Elven Halls
 42593 | Elf:3    | Found an ancient bone altar of Kikubaaqudgha.
 42683 | Elf:3    | Noticed Zenata
 42695 | Elf:3    | Killed Zenata
 42983 | Elf:3    | Found Qivij's Assorted Antiques.
 43823 | Elf:3    | Reached skill level 15 in Invocations
 44146 | Elf:3    | Identified the +0 leather armour "Xuzin" {rC- Dex+6}
 44827 | Elf:3    | Identified the +8 demon trident "Concordance" {flame, rC+}
 44827 | Elf:3    | Identified the ring of the Dragon {rN+ rCorr}
 45265 | Elf:3    | Identified the talisman of death of Nice New Discoveries
                  | {rElec Dex-2 Stlth+}
 45666 | Orc:2    | Bought a +3 plate armour of cold resistance for 585 gold
                  | pieces
 45666 | Orc:2    | Bought a scroll of teleportation for 39 gold pieces
 45666 | Orc:2    | Bought a potion of cancellation for 104 gold pieces
 45879 | D:14     | Bought a manual of Armour for 1200 gold pieces
 45935 | Depths:1 | Entered Level 1 of the Depths
 46113 | Depths:1 | Found a gateway to Hell.
 46214 | Depths:1 | Noticed a caustic shrike
 46226 | Depths:1 | Noticed Mara
 46228 | Depths:1 | Noticed Saint Roka
 46243 | Depths:1 | Noticed questionabletactics's illusion
 46469 | Depths:1 | Killed a caustic shrike
 46583 | Depths:1 | Killed Saint Roka
 46776 | Depths:1 | Reached XP level 21. HP: 197/198 MP: 33/33
 46784 | Depths:1 | Found a glowing silver altar of Zin.
 47040 | Depths:1 | Killed Mara
 47185 | Depths:2 | Acquired the +2 cloak of Servitude {Str+7}
 47223 | Depths:2 | Found a one-way gate to the infinite horrors of the Abyss.
 47226 | Depths:2 | Noticed Louise
 47234 | Depths:2 | Killed Louise
 47244 | Depths:2 | Found a magical portal.
 47249 | WizLab   | Entered Tukima's Studio
 47555 | WizLab   | Noticed questionabletactics's illusion
 47597 | WizLab   | Noticed questionabletactics's illusion
 47630 | WizLab   | Identified the +2 pair of gloves of Spite {rElec rN+}
 47646 | WizLab   | Identified the +0 cloak of Disappointment {Str+4}
 48029 | Depths:2 | Found a one-way gate leading to the halls of Pandemonium.
 48155 | Depths:2 | Noticed a bone dragon
 48314 | Depths:2 | Noticed the Enchantress
 48327 | Depths:2 | Killed a bone dragon
 48365 | Depths:2 | Killed the Enchantress
 48610 | Depths:2 | Found a runed translucent door.
 48616 | Depths:2 | Found a runed translucent door.
 49338 | Depths:2 | Reached skill level 15 in Dodging
 49851 | Depths:3 | Found Padeliz's Antique Weapon Shop.
 49860 | Depths:3 | Found Zickukon's Book Boutique.
 49864 | Depths:3 | Found Qiracof's Antique Weapon Shop.
 49872 | Depths:3 | Reached XP level 22. HP: 192/205 MP: 29/34
 49887 | Depths:3 | Noticed Xtahua
 49888 | Depths:3 | Paralysed by Xtahua for 4 turns
 49895 | Depths:3 | Killed Xtahua
 50409 | Depths:3 | Found an ancient bone altar of Kikubaaqudgha.
 50591 | Depths:3 | Identified the +1 leather armour of Resilience {Str-4
                  | Int+8}
 50787 | Depths:3 | Identified the +5 spear of Dithmenos's Favour {drain, MP+9}
 50862 | Depths:4 | Entered Level 4 of the Depths
 50959 | Depths:4 | Your ally Arkwar died
 51339 | Depths:4 | Your ally Arkwar died
 51708 | Depths:4 | Noticed a golden dragon
 51720 | Depths:4 | Killed a golden dragon
 51811 | Depths:4 | Found a one-way gateway to a ziggurat.
 51913 | Depths:4 | Found a gate to the Realm of Zot.
 52157 | Crypt:1  | Entered Level 1 of the Crypt
 53035 | Crypt:1  | Gained Urtork as an ally
 53154 | Crypt:1  | Your ally Urtork died
 53662 | Crypt:2  | Reached XP level 23. HP: 115/212 MP: 21/35
 53862 | Crypt:2  | Noticed Bai Suzhen
 53874 | Crypt:2  | Killed Bai Suzhen
 53897 | Crypt:2  | Reached skill level 20 in Fighting
 54475 | Crypt:3  | Entered Level 3 of the Crypt
 54507 | Crypt:3  | Noticed Vv
 54526 | Crypt:3  | Killed Vv
 54911 | Crypt:3  | Found a staircase to the Tomb.
 55326 | Crypt:3  | Reached skill level 21 in Fighting
 55372 | Crypt:3  | Identified the +0 pair of gloves "Hequ" {Rampage rC+++
                  | Will- rCorr}
 55462 | Crypt:3  | Gained Gorm as an ally
 55541 | Crypt:3  | Found an ancient bone altar of Kikubaaqudgha.
 55541 | Crypt:3  | Noticed a dread lich
 55541 | Crypt:3  | Paralysed by a dread lich for 4 turns
 55548 | Crypt:3  | Paralysed by a dread lich for 3 turns
 55555 | Crypt:3  | Killed a dread lich
 55602 | Crypt:3  | Identified the ring of Ephemeral Luck {MP+9 Str-3 Dex+3
                  | SInv Stlth+}
 56111 | Vaults:5 | Entered Level 5 of the Vaults
 56139 | Vaults:5 | Noticed a dread lich
 56388 | Vaults:5 | Identified the ring "Vusatioc" {Ice rElec Str+8 Int+3
                  | Dex-2}
 56496 | Vaults:5 | Identified the +6 long sword of Valour {protect, rElec
                  | Dex+5}
 56496 | Vaults:5 | Identified the amulet "Ufovou Iteo" {Reflect Rampage rF++
                  | rN+ SH+5}
 56560 | Vaults:5 | Reached XP level 24. HP: 228/228 MP: 36/36
 56573 | Vaults:5 | Noticed a dread lich
 56585 | Vaults:5 | Killed a dread lich
 56906 | Vaults:5 | Killed a dread lich
 56989 | Vaults:5 | Identified the +0 leather armour "Ixieriof" {Int+4}
 57018 | Vaults:5 | Got a silver rune of Zot
 57302 | Vaults:5 | Identified the +4 ring mail of the Skies Above {rF- rN+++
                  | Int+2 Dex+2}
 57723 | Vaults:5 | Identified the ring of Recklessness {Wiz rF+ Dex+3}
 58493 | Zot:1    | Entered Level 1 of the Realm of Zot
 59610 | Zot:1    | Reached XP level 25. HP: 205/235 MP: 10/36
 59769 | Zot:3    | Found Xarihoq's Changing Room.
 59798 | Zot:4    | Found a radiant altar of Vehumet.
 61646 | Zot:5    | Entered Level 5 of the Realm of Zot
 61661 | Zot:5    | Reached skill level 22 in Fighting
 61718 | Zot:5    | Identified the +7 long sword "Quxoireu" {flame, Fragile
                  | rN++}
 62413 | Zot:5    | Noticed a dread lich
 62432 | Zot:5    | Killed a dread lich
 62433 | Zot:5    | Reached skill level 23 in Fighting
 62767 | Zot:5    | Noticed a Killer Klown
 62770 | Zot:5    | Gained Harm as an ally
 62770 | Zot:5    | Noticed an orb of fire
 62772 | Zot:5    | Noticed a Killer Klown
 62786 | Zot:5    | Your ally Harm died
 62842 | Zot:5    | Killed a Killer Klown
 62846 | Zot:5    | Noticed an orb of fire
 62854 | Zot:5    | Gained mutation: You have a pair of small horns on your
                  | head. [an orb of fire]
 62862 | Zot:5    | Killed an orb of fire
 63227 | Zot:5    | Identified the +2 chain mail "Osyss" {Stlth+}
 63246 | Zot:5    | Reached skill level 24 in Fighting
 63719 | Zot:5    | Noticed a Killer Klown
 63722 | Zot:5    | Noticed an orb of fire
 63723 | Zot:5    | Gained mutation: You are dopey. (Int -2) [an orb of fire]
 64028 | Zot:5    | Noticed a Killer Klown
 64046 | Zot:5    | Killed a Killer Klown
 64157 | Zot:5    | Reached XP level 26. HP: 256/256 MP: 36/36
 64782 | Zot:5    | Noticed an orb of fire
 64793 | Zot:5    | Got the Orb of Zot
 64817 | Zot:5    | Killed an orb of fire
 65207 | D:10     | Noticed Lithaw the pandemonium lord
 65230 | D:8      | Noticed Ceownoam the pandemonium lord
 65398 | D:$      | Escaped with the Orb!

Illustrated notes

Levels and vault maps discovered:
D:1:      lightli_molten_gateway, layout_basic
D:2:      layout_loops_ring, nicolae_kite_square_tiling_tiny,
          kennysheep_cross_bottleneck, st_stairs_4, minmay_circle_x
D:3:      layout_basic, kennysheep_generic_room_14
D:4:      layout_loops_ring, minmay_temple_entry_drinking_statues
D:5:      layout_layer_cave, ebering_dispersal_statue_hall,
          kennysheep_minor_cross
D:6:      lemuel_ice_spiral_2, layout_basic
D:7:      layout_loops_ring, uniq_joseph, uniq_maggie
D:8:      layout_loops_corners, mainiacjoe_overflow_swirl, uniq_gastronok
D:9:      layout_basic, grunt_temple_overflow_open, lair_entry_dummy,
          serial_corexii_hall, chequers_hall_statues_wall_a,
          corexii_hall_statues_x, uniq_prince_ribbit1, uniq_erica, uniq_harold
D:10:     wander_river, layout_loops_ring, orc_0_dummy, uniq_maurice
D:11:     layout_grid_maze
D:12:     layout_basic, serial_shops, shop, uniq_fannar
D:13:     layout_rooms
D:14:     layout_gridville, david_vaults_4, gauntlet_entry_generic,
          serial_shops, shop, shop_statue
D:15:     hangedman_depths_entry_try_elsewhere_first, layout_rooms,
          nemelex_diamond_rough_becter, uniq_azrael
Temple:   mainiacjoe_temple_bowtie_tessellation
Lair:1:   beast_lair_carwin_large_1, layout_cave_pods,
          chequers_serial_rivers_micro_c, roderic_batcave,
          grunt_forest_small_clearings
Lair:2:   layout_cave_shapes, nicolae_swamp_entry_splash_gauntlet,
          alex1729_snake_entry_snake, gammafunk_ghost_berserking_beasts
Lair:3:   layout_roguey, dpeg_oklob_1, grunt_megastairs_5
Lair:4:   layout_roguey, slime_entry_1, grunt_megastairs_1, serial_bayou_shore_b
Lair:5:   hangedman_lair_in_review, layout_regular_city, st_stairs_6,
          lemuel_old_faithful
Swamp:1:  layout_basic_swamp, evilmike_swamp_ruin_house_3
Swamp:2:  layout_basic_swamp, evilmike_swamp_ruin_rubble_1,
          infiniplex_staircase_pool
Swamp:3:  layout_basic_swamp, nicolae_swamp_treefoil,
          infiniplex_staircase_pool_2
Swamp:4:  swamp, layout_basic_swamp, nicolae_swamp_round_clearing
Snake:1:  layout_misc_corridors, drop_trap, minmay_shop_grove
Snake:2:  layout_basic, serial_shops, shop, uniq_vashnia
Snake:3:  layout_rooms, ebering_ghost_gozag, uniq_aizul
Snake:4:  snake_pit_salamanders_mu, layout_cave_town, grunt_megastairs_2,
          uniq_donald
Orc:1:    layout_caves, basic_altar
Orc:2:    st_orc_pillars, layout_diamond_mine, serial_shops, shop, basic_altar,
          lemuel_statue_altar, uniq_jorgrun, uniq_sonja
Elf:1:    elf_arrival_001, layout_rooms, gammafunk_ghost_split,
          hangedman_corner_corridor, door_vault, uniq_norris
Elf:2:    nicolae_elf_blades_splatter_lattice [grunt_blade_entry_basic],
          layout_loops_ring, serial_shops, nicolae_shop_waterfront,
          guppyfry_elf_lava
Elf:3:    elf_hall_gauntlet_narrow, layout_geoelf_castle, basic_altar,
          serial_shops, shop, uniq_zenata
Vaults:1: gammafunk_sealed_arena, v_alt_pattern_2,
          nicolae_vaults_border_crossing, grunt_vaults_bifocal,
          nicolae_vaults_rhombus_6, nicolae_vaults_trapezoid_4,
          hangedman_vaults_corner, nicolae_vaults_door_testing_chamber,
          v_misc_24, vaults_dpeg_encased_lava, layout_vaults_ring, uniq_asterion
Vaults:2: v_alt_pattern_1, grunt_vaults_twisty,
          nicolae_vaults_network_quinsquares
          [nicolae_vaults_network_quincunx_subvault,
          nicolae_vaults_network_quincunx_subvault,
          nicolae_vaults_network_quincunx_subvault,
          nicolae_vaults_network_quincunx_subvault], v_pattern_1,
          minmay_crypt_entry_necro_gods, ontoclasm_vaults_idyll,
          vaults_standard_mumra_enter_the_diamond, nicolae_vaults_double_plus_1,
          ontoclasm_vaults_twist, serial_ice_g, nicolae_vaults_trapezoid_1,
          layout_vaults_quadrants, serial_shops, shop
Vaults:3: nicolae_vaults_you_can_take_it_with_you, nicolae_vaults_wrenched,
          nicolae_vaults_tetromino_T_2, ontoclasm_vaults_ligature,
          nicolae_vaults_alarming, nicolae_vaults_double_plus_1,
          nicolae_vaults_network_barrier, v_misc_28, layout_vaults_big_room
Vaults:4: vaults_room_pools, v_misc_18, nicolae_vaults_closet_pinwheel_1,
          nicolae_vaults_hexular_roomagon, nicolae_vaults_offset_grid_hallway_4,
          v_rooms_2, hangedman_vaults_slice, st_squares,
          nicolae_vaults_closet_pinwheel_5, ontoclasm_vaults_decontamination,
          nicolae_vaults_oval_intersection, layout_vaults_omnicross,
          serial_shops, nicolae_shop_tiny_statue_garden
Vaults:5
Crypt:1:  layout_gridlike, grunt_megastairs_3
Crypt:2:  layout_rooms, lemuel_nasty_fountain, lemuel_upstairs_altar,
          lemuel_elevator, uniq_bai_suzhen
Crypt:3:  cryptofortress_bobbens, uniq_vv
Depths:1: minmay_mutant_horseshoe, layout_cave_shapes, hell_entry,
          zin_scriptorium, uniq_saint_roka, uniq_mara
Depths:2: thingy_vault_2, layout_cave_shapes, rand_demon_pan_entry_7,
          serial_bayou_lagoon_a, grunt_mini_vestibule, mu_enter_wizlab_1,
          nicolae_abyss_entry_one_way_or_another, minmay_hollow_rounded_squares,
          infiniplex_staircase_diamond, uniq_enchantress
Depths:3: evilmike_negative_zone, layout_cave_pools, minmay_room_of_horrors,
          pf_coc_iceberg, hangedman_abyss_or_decor_slice, minmay_shop_star,
          uniq_xtahua, uniq_margery
Depths:4: grunt_zot_entry_gee_three, layout_cave_shapes, enter_ziggurat_f,
          hell_entry, nicolae_concentric_dashed_squares_mild
Zot:1:    nicolae_moth_party, layout_twisted_circle,
          gammafunk_ghost_tricky_traps, hangedman_zot_decor_slant
Zot:2:    layout_misc_corridors
Zot:3:    layout_onion_interference, regret_index_zotdec_barnacled_simple,
          nicolae_transmutations_shop, st_small_dragon_hoard_1
Zot:4:    layout_misc_corridors, regret_index_zot_stipple_split,
          nicolae_diode_basic
Zot:5:    layout_gridlike

Skill      XL: |  1  2  3  4  5  6  7  8  9 10 11 12 13 14 15 16 17 18 19 20 21 22 23 24 25 |
---------------+----------------------------------------------------------------------------+-----
Fighting       | 3 4 6 8 10 12 13 15 16 18 19 21 24 | 24.9
Armour         | 1 2 3 6 9 11 13 14 15 18 20 21 23 | 23.9
Axes           | 5 6 7 8 10 13 14 18 | 18.0
Conjurations   | 4 5 6 |  6.2
Dodging        | 3 4 6 8 9 10 12 13 14 15 17 18 19 20 | 20.0
Invocations    | 6 7 10 11 12 14 16 17 19 | 19.8
Translocations | 2 |  2.8
Shields        | 9 14 | 14.8
Evocations     | 10 12 | 12.5
Stealth        | |  0.2
Spellcasting   | |  1.5

Action                     |  1- 3 |  4- 6 |  7- 9 | 10-12 | 13-15 | 16-18 | 19-21 | 22-24 | 25-27 || total
---------------------------+-------+-------+-------+-------+-------+-------+-------+-------+-------++-------
  Melee: Hand axe          |   102 |   102 |   179 |   542 |   984 |   364 |       |       |       ||  2273
         Punch             |       |       |     2 |    12 |     7 |       |       |       |       ||    21
         Scimitar          |       |       |       |       |     3 |   116 |       |       |       ||   119
         Broad axe         |       |       |       |       |       |   553 |   957 |  1250 |   565 ||  3325
         Headbutt          |       |       |       |       |       |       |       |       |    58 ||    58
  Throw: Dart              |       |     5 |     4 |     7 |     4 |       |       |       |       ||    20
   Cast: Kiss of Death     |     2 |       |       |       |       |       |       |       |       ||     2
         Momentum Strike   |       |       |     1 |       |       |       |       |       |       ||     1
 Invoke: Convert to Beogh  |       |     1 |       |       |       |       |       |       |       ||     1
         Recall Orcish Fol |       |       |       |     3 |    22 |     5 |     1 |       |     1 ||    32
         Smiting           |       |       |       |       |     6 |    10 |    11 |     1 |     4 ||    32
         Give Item to Name |       |       |       |       |     2 |     1 |     1 |       |       ||     4
         Stop Recall       |       |       |       |       |     4 |     5 |     1 |       |       ||    10
         Resurrection      |       |       |       |       |       |       |     1 |     1 |       ||     2
  Evoke: Wand              |       |       |     2 |     7 |    15 |     5 |    14 |     2 |     2 ||    47
    Use: Scroll            |       |     5 |    10 |    13 |     7 |    15 |     7 |    12 |    10 ||    79
         Potion            |       |       |     2 |     2 |     5 |     4 |     7 |     6 |    14 ||    40
   Stab: Sleeping          |     1 |       |       |       |       |       |       |       |       ||     1
         Distracted        |       |       |       |     8 |    15 |     6 |    13 |    15 |       ||    57
         Paralysed         |       |       |       |     7 |     9 |     1 |     3 |       |       ||    20
         Confused          |       |       |       |     1 |       |       |       |       |       ||     1
         Petrified         |       |       |       |       |     5 |       |       |       |       ||     5
         Invisible         |       |       |       |       |       |       |     5 |    18 |       ||    23
 Armour: Leather armour    |    37 |       |       |       |       |       |       |       |       ||    37
         Ring mail         |    18 |    34 |    48 |   197 |    49 |    54 |       |       |       ||   400
         Steam dragon scal |       |       |    10 |       |       |       |       |       |       ||    10
         Chain mail        |       |       |       |       |   310 |   446 |   241 |       |       ||   997
         Plate armour      |       |       |       |       |       |       |   205 |   846 |   483 ||  1534
  Dodge: Dodged            |    68 |    73 |   122 |   411 |   506 |   719 |   476 |   993 |   511 ||  3879
  Block: Kite shield       |       |       |       |       |   483 |  1146 |   862 |  1289 |   520 ||  4300
         Reflection        |       |       |       |       |       |       |       |    10 |     4 ||    14

Table legend: (Time is in decaauts)
 A = Elapsed time spent in this place.
 B = Non-inter-level travel time spent in this place.
 C = Inter-level travel time spent in this place.
 D = Time resting spent in this place.
 E = Time spent auto-exploring this place.
 F = Levels seen in this place.
 G = Mean time per level.
                   A        B        C        D        E       F      G
               +--------+--------+--------+--------+--------+-----+--------+
         Total |  65386 |  60100 |   5286 |  15303 |  28731 |  54 | 1210.9 |
       Dungeon |  15616 |  13440 |   2176 |   1902 |   8867 |  15 | 1041.1 |
        Temple |      1 |      1 |      0 |      0 |      0 |   1 |    1.0 |
          Lair |   7309 |   6625 |    684 |   1782 |   3584 |   5 | 1461.8 |
         Swamp |   4681 |   4548 |    133 |   1099 |   2181 |   4 | 1170.2 |
     Snake Pit |   4201 |   3949 |    252 |    760 |   2045 |   4 | 1050.2 |
  Orcish Mines |   1717 |   1241 |    476 |    180 |    821 |   2 |  858.5 |
   Elven Halls |   5839 |   5543 |    296 |   1930 |   1767 |   3 | 1946.3 |
        Vaults |   8252 |   7689 |    563 |   1222 |   4285 |   5 | 1650.4 |
         Crypt |   3952 |   3794 |    158 |    871 |   1796 |   3 | 1317.3 |
        Depths |   5945 |   5399 |    546 |   1075 |   2860 |   4 | 1486.2 |
           Zot |   6116 |   6116 |      0 |   3868 |    184 |   5 | 1223.2 |
         Abyss |    328 |    328 |      0 |      2 |      0 |   1 |  328.0 |
        Wizlab |    676 |    676 |      0 |    349 |     67 |   1 |  676.0 |
      Gauntlet |    748 |    748 |      0 |    261 |    273 |   1 |  748.0 |
               +--------+--------+--------+--------+--------+-----+--------+

Top non-repeatable levels by time:
   Zot:5: 3189 daAuts
   Elf:3: 3132 daAuts
Vaults:5: 2051 daAuts
Depths:2: 1962 daAuts
  Lair:2: 1871 daAuts
Vaults:2: 1863 daAuts
  Lair:5: 1822 daAuts
   Zot:1: 1797 daAuts
     D:5: 1782 daAuts
 Swamp:4: 1730 daAuts
 Crypt:1: 1702 daAuts
Depths:4: 1662 daAuts
   Elf:1: 1615 daAuts
Vaults:4: 1555 daAuts
 Crypt:3: 1505 daAuts
